 Dungeon Crawl Stone Soup version 0.23.0 (webtiles) character file.

Game seed: 17705542231596509816

51382 mhilhors the Destroyer (level 14, -8/122 HPs)
             Began as a Red Draconian Ice Elementalist on Feb 14, 2019.
             Was a High Priest of Vehumet.
             Mangled by a two-headed ogre
             ... wielding a +1 dire flail of crushing
              (9 damage)
             ... while paralysed by an ogre mage
             ... on level 1 of the Orcish Mines.
             The game lasted 01:55:36 (30659 turns).

mhilhors the Destroyer (DrIE)                      Turns: 30659, Time: 01:55:38

Health: -8/122     AC: 12    Str: 11    XL:     14   Next: 23%
Magic:  18/37      EV:  2    Int: 23    God:    Vehumet [*****.]
Gold:   1422       SH:  0    Dex: 16    Spells: 3/33 levels left

rFire    + . .     SeeInvis .   z - +2 hand axe (elec)
rCold    . . .     Gourm    .   A - +0 buckler (curse)
rNeg     . . .     Faith    .   (armour unavailable)
rPois    +         Spirit   .   (helmet restricted)
rElec    .         Reflect  .   i - +1 cloak {rPois}
rCorr    .         Harm     .   t - +1 pair of gloves {Dex+3}
MR       +....                  (no boots)
Stlth    ++........             d - amulet of magic regeneration
HPRegen  0.30/turn              h - ring of magical power
MPRegen  0.50/turn              y - +4 ring of intelligence

@: paralysed, studying 2 skills
A: breathe fire, unfitting armour, fire resistance 1, cold-blooded, AC +8
a: Breathe Fire, Renounce Religion


You were on level 1 of the Orcish Mines.
You worshipped Vehumet.
Vehumet was extremely pleased with you.
You were near starving.

You visited 3 branches of the dungeon, and saw 21 of its levels.
You also visited: Sewer.

You collected 1422 gold pieces.

Inventory:

Hand Weapons
 z - a +2 hand axe of electrocution (weapon)
 E - a +1 trident of venom
Missiles
 B - 10 silver tomahawks (quivered)
Armour
 i - a +1 cloak of poison resistance (worn)
 t - a +1 pair of gloves of dexterity (worn)
 A - a cursed +0 buckler (worn)
Jewellery
 d - an amulet of magic regeneration (around neck)
 h - a ring of magical power (left hand)
 y - a +4 ring of intelligence (right hand)
 H - the ring "Ahesaec" {Fire +Fly MR+ Dex+4 Slay-2}
   (You took it off a meliai on level 13 of the Dungeon)

   [ring of fire]

   It enhances your fire magic.
   It affects your dexterity (+4).
   It affects your accuracy and damage with ranged weapons and melee attacks
   (-2).
   It protects you from fire.
   It makes you vulnerable to cold.
   It affects your resistance to hostile enchantments.
   It lets you fly.
 I - an uncursed ring of protection from cold
Wands
 k - a wand of polymorph (15)
 s - a wand of disintegration (12)
 G - a wand of acid (9)
 K - a wand of flame (23)
 L - a wand of random effects (15)
 N - a wand of paralysis (15)
 Q - a wand of enslavement (7)
 R - a wand of scattershot (2)
 X - a wand of digging (6)
Scrolls
 a - 3 scrolls of teleportation
 e - a scroll of fear
 o - 2 scrolls of vulnerability {unknown}
 p - 16 scrolls of remove curse
 q - 8 scrolls of identify
 r - a scroll of immolation {unknown}
 w - 2 scrolls of amnesia
 D - a scroll of torment {unknown}
 F - 3 scrolls of magic mapping
 J - 3 scrolls of enchant armour
 M - 2 scrolls of enchant weapon
 O - a scroll of fog
 P - 2 scrolls of acquirement
 S - a scroll of brand weapon {unknown}
 W - a scroll of blinking
Potions
 c - a potion of cancellation
 f - 10 potions of curing
 g - 4 potions of lignification
 j - 4 potions of agility
 l - 2 potions of brilliance
 n - 5 potions of flight
 v - 2 potions of might
 x - 4 potions of haste
 C - a potion of invisibility
 T - a potion of resistance {unknown}
 V - a potion of berserk rage {unknown}
Books
 m - a manual of Fire Magic
 u - a manual of Maces & Flails
Comestibles
 b - 11 rations


   Skills:
 + Level 10.7 Fighting
 + Level 9.3 Dodging
 - Level 1.7 Stealth
 - Level 5.0 Shields
 + Level 10.2 Spellcasting
 + Level 11.7 Conjurations
 + Level 3.7 Charms
 - Level 5.0 Summonings
 - Level 10.4 Fire Magic
 - Level 5.3 Ice Magic
 - Level 6.0 Air Magic


You had 3 spell levels left.
You knew the following spells:

 Your Spells              Type           Power        Failure   Level  Hunger
a - Freeze                Ice            ####         1%          1    None
b - Summon Ice Beast      Ice/Summ       #####...     7%          4    #......
c - Shock                 Conj/Air       ####         1%          1    None
d - Iskenderun's Battles  Conj/Chrm      #####...     1%          5    ####...
e - Throw Icicle          Conj/Ice       ######..     1%          4    #......
f - Sticky Flame          Conj/Fire      ######..     1%          4    #......
g - Fireball              Conj/Fire      ######....   1%          5    ####...
h - Bolt of Fire          Conj/Fire      ######....   2%          6    ######.

Your spell library contained the following spells:

 Spells                   Type           Power        Failure   Level  Hunger
 Freezing Cloud           Conj/Ice/Air   #####.....   11%         6    ######.
 Flame Tongue             Conj/Fire      #####        1%          1    None
 Infusion                 Chrm           ####         1%          1    None
 Magic Dart               Conj           ####         1%          1    None
 Summon Small Mammal      Summ           ####         1%          1    None
 Call Imp                 Summ           #####...     1%          2    None
 Song of Slaying          Chrm           ####....     1%          2    None
 Throw Flame              Conj/Fire      ######       1%          2    None
 Throw Frost              Conj/Ice       ######       1%          2    None
 Conjure Flame            Conj/Fire      ######..     1%          3    None
 Ignite Poison            Fire/Tmut/Pois ####....     1%          3    None
 Inner Flame              Hex/Fire       #####...     1%          3    None
 Mephitic Cloud           Conj/Pois/Air  #####...     1%          3    None
 Ozocubu's Armour         Chrm/Ice       ####....     2%          3    None
 Shroud of Golubria       Chrm/Tloc      ###.......   3%          2    None
 Animate Skeleton         Necr           N/A          5%          1    None
 Apportation              Tloc           ##....       5%          1    None
 Confusing Touch          Hex            ##....       5%          1    None
 Regeneration             Chrm/Necr      ###.......   8%          3    None
 Spectral Weapon          Hex/Chrm       ###.....     8%          3    None
 Blink                    Tloc           N/A          9%          2    None
 Slow                     Hex            ##......     9%          2    None
 Ignition                 Fire           ######....   75%         8    #######
 Ring of Flames           Chrm/Fire      #####.....   95%         7    #######


Dungeon Overview and Level Annotations

Branches:
Dungeon (13/15)            Temple (0/1) D:7            Lair (6/6) D:10
 Shoals (0/4) Lair:4       Spider (0/4) Lair:3        Slime (0/5) Lair:5
    Orc (2/2) D:9
    Elf: Orc:2       Vaults: D:13-14

Altars:
Elyvilon
Fedhas
Gozag
Hepliaklqana
Kikubaaqudgha
Okawaru
Sif Muna
Trog
Vehumet
Xom
Zin
The Shining One
Beogh

Shops:
Orc:2 }=

Annotations:
D:11 3 runed translucent doors, harness's ghost, journeyman DEEE
D:12 Frances
D:13 Azrael
Lair:3 2 transporters, Luuwnalu's ghost, journeyman KoHu


Innate Abilities, Weirdness & Mutations

You can breathe blasts of fire.
Your fiery red scales are hard. (AC +8)
You cannot fit into any form of body armour.
Your flesh is heat resistant. (rF+)
You are cold-blooded and may be slowed by cold attacks.


Message History

The two-headed ogre completely misses you.
The two-headed ogre closely misses you.
The two-headed ogre hits you with a +1 dire flail of crushing.
The two-headed ogre hits you with a +0 giant club.
The ogre mage hits you but does no damage.
The two-headed ogre hits you with a +1 dire flail of crushing!
The two-headed ogre misses you.
The two-headed ogre hits you with a +1 dire flail of crushing.
The two-headed ogre hits you with a +0 giant club!
The ogre mage misses you. The ogre mage casts a spell at you.
You suddenly lose the ability to move!
The two-headed ogre hits you but does no damage. x2
The two-headed ogre hits you with a +1 dire flail of crushing!!
* * * LOW HITPOINT WARNING * * *
x2 The two-headed ogre hits you with a +0 giant club!
* * * LOW HITPOINT WARNING * * *
The ogre mage hits you but does no damage.
The two-headed ogre hits you with a +1 dire flail of crushing!
You die...

###...## ##..#...#
#.......#####
##........##.##
#.............#
#.........##.##
##.......#####
###..........##
##.##.....O@...##
##.........O##...#
#..........O##...##
##................#
##................###
#....#..............##
##..><...............#
##............#.....##
#...................#


You could see a two-headed ogre, an ogre mage and an ogre.

Vanquished Creatures
  An ettin (Orc:2)
  Josephine (Lair:5)
  Snorg (D:10)
  A fire dragon (Lair:6)
  Harold (D:9)
  Fannar (D:10)
  3 hydras
  4 death yaks
  A two-headed ogre (Orc:2)
  Sonja (Lair:5)
  3 skeletal warriors
  4 unseen horrors
  A fire crab (Lair:6)
  A merfolk siren (Lair:4)
  5 black mambas
  A torpor snail (Lair:4)
  A gargoyle (D:11)
  2 molten gargoyles (Lair:6)
  6 spiny frogs
  A kobold demonologist (D:13)
  3 komodo dragons
  2 merfolk (Lair:4)
  A meliai (D:13)
  A hornet (D:11)
  5 polar bears
  A troll (D:10)
  2 slime creatures (Lair:5)
  12 blink frogs
  8 dream sheep
  9 hippogriffs
  2 redbacks (Lair:3)
  A water elemental (D:11)
  26 yaks
  A shadow (D:13)
  6 basilisks
  5 wyverns
  3 wraiths (Lair:5)
  A vampire mosquito (D:13)
  8 fire bats
  4 steam dragons
  Edmund (D:6)
  5 hell hounds
  5 porcupines
  6 water moccasins
  4 sky beasts
  A black bear (Lair:1)
  2 ice beasts
  7 orc warriors
  A phantom (D:7)
  2 necrophages
  2 wolves (D:10)
  6 ogres
  7 centaurs
  7 crocodiles
  A big kobold (Sewer)
  20 bullfrogs
  A wyvern skeleton (D:8)
  4 scorpions
  Dowan (D:5)
  9 killer bees
  11 wights
  An electric eel (Lair:3)
  5 lava snakes
  4 crimson imps
  2 centaur zombies
  4 jellies
  2 quasits
  6 hounds
  22 orc wizards
  5 bullfrog skeletons
  8 orc priests
  2 centaur skeletons
  3 iguanas
  6 worker ants
  2 hound skeletons
  A worker ant zombie (D:6)
  9 gnolls
  12 adders
  11 river rats
  4 shadow imps
  3 oozes
  2 adder skeletons
  2 worms
  3 dart slugs
  5 leopard geckos
  41 orcs
  7 bats
  10 giant cockroaches
  4 hobgoblins
  8 jackals
  7 quokkas
  7 ball pythons
  10 frilled lizards
  8 goblins
  24 kobolds
  A quokka skeleton (D:7)
  27 rats
  A fungus (Lair:1)
  13 plants (D:10)
536 creatures vanquished.

Vanquished Creatures (collateral kills)
  A hydra (Lair:2)
  2 two-headed ogres (D:9)
  A death yak (Lair:3)
  An oklob plant (D:10)
  2 ugly things (D:12)
  A centaur zombie (D:13)
  2 black mambas
  A spiny frog (Lair:1)
  A komodo dragon (Lair:1)
  A merfolk (Lair:4)
  A meliai (D:13)
  A hornet (D:8)
  A troll (D:10)
  Prince Ribbit (D:7)
  A hippogriff (Lair:3)
  A spriggan (D:7)
  A fire bat (Lair:3)
  A yak (D:9)
  2 fire elementals (D:13)
  A steam dragon (D:8)
  A wyvern (D:11)
  Grum (D:10)
  A hungry ghost (D:9)
  A vampire mosquito (D:13)
  A water moccasin (D:11)
  Duvessa (D:5)
  2 eyes of draining (D:7)
  An ice beast (D:11)
  3 black bears
  3 ogres
  A centaur (D:8)
  2 crocodiles (Lair:1)
  A bullfrog (D:9)
  A wyvern skeleton (D:6)
  2 wights (D:8)
  2 electric eels (D:11)
  A crimson imp (D:9)
  A quasit (D:9)
  4 orc priests (D:6)
  Crazy Yiuf (D:7)
  An adder skeleton (D:7)
  7 orcs
63 creatures vanquished.

Vanquished Creatures (others)
  A human (D:8)
  An orc (D:8)
  12 fungi
  7 plants
21 creatures vanquished.

Grand Total: 620 creatures vanquished

Notes
Turn   | Place    | Note
-------+----------+-------------------------------------------
     0 | D:1      | mhilhors the Draconian Ice Elementalist began the quest for
                  | the Orb.
     0 | D:1      | Reached XP level 1. HP: 14/14 MP: 3/3
   346 | D:1      | Reached XP level 2. HP: 20/20 MP: 0/5
   841 | D:1      | Reached XP level 3. HP: 24/26 MP: 7/7
  1060 | D:2      | Found a radiant altar of Vehumet.
  1098 | D:2      | Became a worshipper of Vehumet
  1399 | D:2      | Reached XP level 4. HP: 24/33 MP: 0/8
  2012 | D:2      | Reached * piety under Vehumet
  2012 | D:2      | Offered knowledge of Sandblast by Vehumet.
  2012 | D:2      | Reached XP level 5. HP: 35/38 MP: 10/10
  2708 | D:3      | Found an opulent altar of Gozag.
  2722 | D:3      | Reached skill level 5 in Ice Magic
  3320 | D:3      | Learned a level 4 spell: Summon Ice Beast
  3329 | D:4      | Reached XP level 6. HP: 26/45 MP: 12/12
  3535 | D:4      | You fall through a shaft!
  3535 | D:5      | Entered Level 5 of the Dungeon
  3602 | D:5      | Found a glowing drain.
  3670 | Sewer    | Entered a sewer
  3804 | Sewer    | Reached ** piety under Vehumet
  3806 | Sewer    | Offered knowledge of Shock by Vehumet.
  3835 | Sewer    | Learned a level 1 spell: Shock
  4183 | Sewer    | Reached skill level 5 in Spellcasting
  4307 | Sewer    | Offered knowledge of Static Discharge by Vehumet.
  4333 | Sewer    | Your scales start taking on a fiery red colour.
  4333 | Sewer    | Reduced skill Ice Magic to level 5
  4333 | Sewer    | Reached XP level 7. HP: 50/50 MP: 8/14
  4333 | Sewer    | Gained mutation: Your flesh is heat resistant. (rF+) [Red
                  | Draconian growth]
  4407 | Sewer    | Reached *** piety under Vehumet
  4926 | D:5      | Noticed Dowan
  4956 | D:5      | Offered knowledge of Iskenderun's Mystic Blast by Vehumet.
  4960 | D:5      | Killed Dowan
  4960 | D:5      | Reached skill level 1 in Summonings
  5032 | D:5      | Learned a level 4 spell: Iskenderun's Mystic Blast
  5281 | D:4      | Noticed a yak
  5313 | D:4      | Killed a yak
  5699 | D:5      | Reached XP level 8. HP: 47/57 MP: 17/17
  5954 | D:5      | Reached skill level 2 in Conjurations
  6044 | D:5      | Reached skill level 1 in Air Magic
  6152 | D:5      | Noticed Duvessa
  6178 | D:5      | Killed Duvessa
  6694 | D:5      | Reached **** piety under Vehumet
  7239 | D:6      | Reached skill level 3 in Conjurations
  7363 | D:6      | Offered knowledge of Inner Flame by Vehumet.
  7848 | D:6      | Reached XP level 9. HP: 62/62 MP: 19/19
  7879 | D:6      | Found an iron altar of Okawaru.
  7930 | D:6      | Found a shimmering altar of Xom.
  7943 | D:6      | Reached skill level 4 in Conjurations
  8041 | D:6      | Noticed Edmund
  8048 | D:6      | Killed Edmund
  8259 | D:6      | Reached skill level 5 in Summonings
  9298 | D:7      | Reached skill level 1 in Shields
  9448 | D:7      | Found a bloodstained altar of Trog.
  9627 | D:7      | Reached skill level 5 in Conjurations
 10272 | D:7      | Found a runed translucent door.
 10273 | D:7      | Noticed Crazy Yiuf
 10283 | D:7      | Killed Crazy Yiuf
 10564 | D:7      | Found a staircase to the Ecumenical Temple.
 10581 | D:7      | Learned a level 4 spell: Throw Icicle
 10605 | D:7      | Found a glowing golden altar of the Shining One.
 10710 | D:7      | Noticed Prince Ribbit
 10725 | D:7      | Killed Prince Ribbit
 10725 | D:7      | Reached skill level 5 in Air Magic
 11491 | D:8      | Reached ***** piety under Vehumet
 11491 | D:8      | Offered knowledge of Bolt of Draining by Vehumet.
 11603 | D:8      | Reached skill level 5 in Shields
 11603 | D:8      | Reached XP level 10. HP: 35/69 MP: 20/20
 11672 | D:8      | Reached skill level 6 in Conjurations
 12398 | D:8      | Reached skill level 1 in Fighting
 12418 | D:8      | Found an ancient bone altar of Kikubaaqudgha.
 12445 | D:8      | Paralysed by a hornet for 1 turns
 12704 | D:9      | Noticed a two-headed ogre
 12712 | D:9      | Killed a two-headed ogre
 12996 | D:9      | Reached skill level 7 in Conjurations
 13075 | D:9      | Noticed a two-headed ogre
 13135 | D:9      | Learned a level 4 spell: Sticky Flame
 13146 | D:9      | Killed a two-headed ogre
 13463 | D:9      | Found a blossoming altar of Fedhas.
 13843 | D:9      | Noticed Harold
 13857 | D:9      | Killed Harold
 13857 | D:9      | Reached skill level 5 in Fighting
 13857 | D:9      | Reached skill level 8 in Conjurations
 14170 | D:9      | Found a staircase to the Orcish Mines.
 14201 | D:9      | Found a deep blue altar of Sif Muna.
 14204 | D:9      | Found a white marble altar of Elyvilon.
 14205 | D:9      | Found a hazy altar of Hepliaklqana.
 14206 | D:9      | Found a glowing silver altar of Zin.
 14250 | D:9      | Found a roughly hewn altar of Beogh.
 14263 | D:9      | Reached XP level 11. HP: 86/86 MP: 21/21
 14572 | D:10     | Entered Level 10 of the Dungeon
 14572 | D:10     | Noticed Fannar
 14744 | D:10     | Reached skill level 5 in Dodging
 14797 | D:10     | Noticed Grum
 14797 | D:10     | Reached skill level 1 in Fire Magic
 14803 | D:10     | Killed Grum
 14929 | D:10     | You fall through a shaft for 2 floors!
 15119 | D:10     | Found a staircase to the Lair.
 15121 | D:10     | Noticed Snorg
 15122 | D:10     | Noticed an oklob plant
 15138 | D:10     | Killed Snorg
 15787 | D:10     | Noticed an unseen horror
 15789 | D:10     | Killed an unseen horror
 15962 | D:10     | Noticed an unseen horror
 15964 | D:10     | Killed an unseen horror
 16500 | D:10     | Killed an oklob plant
 16500 | D:10     | Reached skill level 9 in Conjurations
 16751 | D:11     | Noticed an unseen horror
 16753 | D:11     | Killed an unseen horror
 17053 | D:10     | Killed Fannar
 17711 | D:11     | Reached skill level 5 in Fire Magic
 17995 | D:11     | Learned a level 5 spell: Fireball
 18124 | D:11     | Found a runed translucent gate.
 18124 | D:11     | Found a runed translucent gate.
 18124 | D:11     | Found a runed translucent gate.
 18125 | D:11     | Noticed harness's ghost (journeyman DEEE)
 18555 | D:11     | You fall through a shaft for 2 floors!
 18588 | D:13     | Identified the ring "Ahesaec" {Fire +Fly MR+ Dex+4 Slay-2}
 18593 | D:13     | HP: 3/92 [meliai/divine providence (14)]
 18599 | D:13     | Reached XP level 12. HP: 16/100 MP: 18/22
 19022 | D:13     | Noticed Azrael
 19026 | D:13     | Noticed a death knight
 19026 | D:13     | Noticed a seven-headed hydra
 19674 | D:10     | HP: 2/101 [skeletal warrior/+0 hand axe (16)]
 21239 | D:12     | Reached skill level 10 in Conjurations
 21549 | D:12     | Found the +7 great mace "Firestarter" {inner flame, rF++}
 21593 | D:12     | Noticed Frances
 21680 | Lair:1   | Entered Level 1 of the Lair of Beasts
 22315 | Lair:1   | Identified 3 scrolls of acquirement
 23825 | Lair:2   | Noticed a seven-headed hydra
 23833 | Lair:2   | Killed a seven-headed hydra
 24720 | Lair:3   | Reached XP level 13. HP: 111/111 MP: 17/25
 24720 | Lair:3   | Offered knowledge of Iskenderun's Battlesphere by Vehumet.
 24778 | Lair:3   | Found a hole to the Spider Nest.
 24881 | Lair:3   | Learned a level 5 spell: Iskenderun's Battlesphere
 24969 | Lair:3   | Noticed Luuwnalu's ghost (journeyman KoHu)
 25448 | Lair:3   | Found a transporter.
 25449 | Lair:3   | Found a transporter.
 26125 | Lair:4   | Found a staircase to the Shoals.
 27318 | Lair:4   | Reached skill level 10 in Fire Magic
 27381 | Lair:3   | Learned a level 6 spell: Bolt of Fire
 28040 | Lair:4   | Reached skill level 11 in Conjurations
 28203 | Lair:5   | Noticed Sonja
 28206 | Lair:5   | Killed Sonja
 28209 | Lair:5   | Noticed Josephine
 28221 | Lair:5   | Killed Josephine
 28221 | Lair:5   | Reached skill level 10 in Fighting
 28221 | Lair:5   | Reached skill level 1 in Charms
 28729 | Lair:5   | Found a staircase to the Slime Pits.
 29061 | Lair:6   | Entered Level 6 of the Lair of Beasts
 29754 | Lair:6   | Offered knowledge of Freezing Cloud by Vehumet.
 29754 | Lair:6   | Reached skill level 10 in Spellcasting
 29757 | Lair:6   | Reached XP level 14. HP: 114/122 MP: 19/28
 29900 | Lair:6   | Found a large runed translucent door.
 30090 | Lair:6   | Found a large runed translucent door.
 30498 | Orc:1    | Entered Level 1 of the Orcish Mines
 30633 | Orc:2    | Entered Level 2 of the Orcish Mines
 30633 | Orc:2    | Found Nimocwa's Jewellery Shop.
 30633 | Orc:2    | Found Cotsisew's Gadget Shoppe.
 30657 | Orc:1    | Paralysed by an ogre mage for 5 turns
 30659 | Orc:1    | HP: 1/122 [two-headed ogre/+1 dire flail of crushing (13)]
 30659 | Orc:1    | Mangled by a two-headed ogre

Skill      XL: |  1  2  3  4  5  6  7  8  9 10 11 12 13 14 |
---------------+-------------------------------------------+-----
Spellcasting   | 3 4 5 6 7 8 10 | 10.2
Ice Magic      | 4 5 5 |  5.3
Summonings     | 2 4 5 |  5.0
Conjurations   | 3 5 8 9 10 11 | 11.7
Air Magic      | 3 5 6 |  6.0
Shields        | 5 |  5.0
Dodging        | 4 6 7 9 |  9.3
Fighting       | 5 7 9 10 | 10.7
Fire Magic     | 5 8 10 | 10.4
Charms         | 2 3 |  3.7
Stealth        | |  1.7

Action                   |  1- 3 |  4- 6 |  7- 9 | 10-12 | 13-15 || total
-------------------------+-------+-------+-------+-------+-------++-------
Melee: Unarmed           |     6 |       |     5 |       |       ||    11
       Tailslap          |     9 |    22 |    44 |    78 |    24 ||   177
       Dagger            |    52 |   227 |   148 |       |       ||   427
       Hand axe          |       |       |   174 |   581 |   151 ||   906
Throw: Stone             |     3 |    24 |     5 |     7 |       ||    39
       Tomahawk          |       |       |     2 |     1 |     4 ||     7
 Cast: Freeze            |    51 |    92 |    79 |    27 |    13 ||   262
       Shock             |       |     6 |    54 |    54 |    11 ||   125
       Summon Ice Beast  |       |       |    36 |    73 |    22 ||   131
       Throw Icicle      |       |       |    10 |    37 |    36 ||    83
       Iskenderun's Myst |       |       |     4 |    12 |       ||    16
       Sticky Flame      |       |       |       |    80 |    50 ||   130
       Fireball          |       |       |       |    10 |    20 ||    30
       Bolt of Fire      |       |       |       |       |    15 ||    15
       Iskenderun's Batt |       |       |       |       |    19 ||    19
  Use: Scroll            |       |       |    12 |    15 |     1 ||    28
       Potion            |       |       |     2 |    13 |       ||    15
 Stab: Sleeping          |     3 |     4 |     4 |     7 |     2 ||    20
       Distracted        |       |       |     1 |     5 |     1 ||     7
  Eat: Chunk             |     2 |    10 |    19 |    51 |    23 ||   105
       Ration            |       |       |     3 |     7 |     3 ||    13
Armor: Skin              |    25 |    97 |   149 |   248 |    64 ||   583
Dodge: Dodged            |    59 |   174 |   255 |   593 |   213 ||  1294
Block: Buckler           |       |       |    30 |   211 |    67 ||   308
